 Dungeon Crawl Stone Soup version 0.30-a0-715-gdb4ae3ece1 (webtiles) character file.

Game seed: 10225021148066568260

167 wormed the Magician (level 5, -3/40 (41) HPs)
             Began as a Gnoll Wanderer on Jan 24, 2023.
             Succumbed to Crazy Yiuf's poison
             ... on level 2 of the Dungeon.
             The game lasted 00:02:30 (2196 turns).

wormed the Magician (Gnoll Wanderer)                Turns: 2196, Time: 00:02:30

HP:   -3/40 (41)    AC:  4    Str: 18    XL:     5   Next: 48%
MP:   14/14         EV: 11    Int: 13    God:
Gold: 149           SH:  0    Dex: 11    Spells: 18/18 levels left

rFire   + + .      SeeInvis .    p - +10 flail "Tissafreaqi" {flame, *Noise rF++ Stlth+}
rCold   . . .      Faith    .    (no shield)
rNeg    . . .      Spirit   .    m - +0 leather armour
rPois   .          Reflect  .    d - +0 helmet
rElec   .          Harm     .    (no cloak)
rCorr   .          Rampage  .    (no gloves)
Will    .....                    (no boots)
Stlth   ++++                     (no amulet)
HPRegen 0.26/turn                e - +6 ring of strength
MPRegen 0.14/turn                (no ring)

@: lethally poisoned (-3 -> -16), lightly drained
A: fangs 1, strong nose, distributed training
a: no special abilities


You were on level 2 of the Dungeon.
You visited 1 branch of the dungeon, and saw 2 of its levels.

You collected 149 gold pieces.

Inventory:

Hand Weapons
 a - a +0 dagger
 p - the +10 flail "Tissafreaqi" (weapon) {flame, *Noise rF++ Stlth+}
   (You found it on level 2 of the Dungeon)

   rF:        It greatly protects you from fire.
   *Noise:    It may make noises in combat.
   Stlth:     It makes you more stealthy.
Missiles
 l - 5 poisoned darts (quivered)
Armour
 c - a +0 robe
 d - a +0 helmet (worn)
 m - a +0 leather armour (worn)
Jewellery
 b - a ring of protection from fire
 e - a +6 ring of strength (left hand)
Scrolls
 f - a scroll of enchant weapon {unknown}
 g - 2 scrolls of torment {unknown}
 i - a scroll of teleportation {unknown}
 j - 3 scrolls of identify {unknown}
 k - a scroll of enchant armour {unknown}
 n - a scroll of amnesia {unknown}
 o - 2 scrolls of noise {unknown}
 q - a scroll of magic mapping {unknown}
Potions
 h - a potion of resistance
 r - a potion of curing
 s - a potion of attraction {unknown}


   Skills:
 + Level 3.0 Fighting
 + Level 1.6 Short Blades
 + Level 1.6 Long Blades
 + Level 1.6 Axes
 + Level 1.6 Maces & Flails
 + Level 1.6 Polearms
 + Level 1.6 Staves
 + Level 1.6 Ranged Weapons
 + Level 1.6 Throwing
 + Level 1.6 Armour
 + Level 1.6 Dodging
 + Level 6.2 Stealth
 + Level 1.6 Shields
 + Level 1.6 Unarmed Combat
 + Level 7.3 Spellcasting
 + Level 1.2 Conjurations
 + Level 1.2 Hexes
 + Level 1.2 Summonings
 + Level 4.0 Necromancy
 + Level 1.2 Translocations
 + Level 1.2 Transmutations
 + Level 1.2 Fire Magic
 + Level 1.2 Ice Magic
 + Level 1.2 Air Magic
 + Level 1.2 Earth Magic
 + Level 1.2 Poison Magic
 + Level 3.1 Invocations
 + Level 1.6 Evocations


You had 18 spell levels left.
You didn't know any spells.
Your spell library contained the following spells:

 Spells                   Type           Power      Damage    Failure   Level
 Necrotise                Necr           60%        1d7       3%          1
 Kiss of Death            Conj/Necr      44%        2d8       6%          1
 Vampiric Draining        Necr           15%        2d7       10%         3
 Cigotuvi's Dreadful Rot  Necr/Pois/Air  20%        N/A       11%         2
 Dispel Undead            Necr           15%        3d10      32%         4


Dungeon Overview and Level Annotations

Branches:
Dungeon (2/15)

Altars:

Shops:
D:2 ?


Innate Abilities, Weirdness & Mutations

You have very sharp teeth.
Your uncanny sense of smell can sniff out nearby items.
Your experience applies equally to all skills.


Message History

No target in view!
No target in view!
No target in view!
You now have 149 gold pieces (gained 10).
There is a stone staircase leading up, spattered with blood here.
There is a stone staircase leading up, spattered with blood here.
There is a stone staircase leading up here.
Found Locryap's Magic Scroll Boutique.
There is an entrance to Locryap's Magic Scroll Boutique here.
There is a stone staircase leading down here.
Found a hammer.
Found a runed translucent door.
Crazy Yiuf shouts!
Crazy Yiuf laughs, "Ten rumpyflump ladder!"
Crazy Yiuf says, "Shower Xom light!"
There is a stone staircase leading down here.
There is a stone staircase leading down here.
Could not explore, unopened runed door.
Could not explore, unopened runed door.
You open the door. You closely miss Crazy Yiuf.
Crazy Yiuf hits you with a +2 quarterstaff of chaos!
Crazy Yiuf burns you.
You barely miss Crazy Yiuf.
Your flail "Tissafreaqi" parrots the noises around you.
Your bite misses Crazy Yiuf.
Crazy Yiuf hits you with a +2 quarterstaff of chaos.
Space warps horribly around you!
Crazy Yiuf hits you with a +2 quarterstaff of chaos.
* * * LOW HITPOINT WARNING * * *
You feel drained.
* * * LOW HITPOINT WARNING * * *
You sock Crazy Yiuf! You burn Crazy Yiuf.
Crazy Yiuf is severely wounded.
Crazy Yiuf cries, "You leg down broken song, no?"
Crazy Yiuf hits you with a +2 quarterstaff of chaos!
* * * LOW HITPOINT WARNING * * *
You are lethally poisoned!
You sock Crazy Yiuf! You burn Crazy Yiuf.
You kill Crazy Yiuf!
You die...

##.##
#########....##
#...#
#..............
#...#
#.##.......#.##
#####
#######......#
#>....## #....##
### ♣♣##..###
#)..#♣♣ ♣♣P....#
#...)@♣♣♣♣P.....#
#...#♣..♣..P...##
### ♣♣♣.♣....##
♣♣♣♣♣###


There were no monsters in sight!

Vanquished Creatures
  An ogre (D:2)
  Crazy Yiuf (D:2)
  Terence (D:2)
  2 adders (D:2)
  A dart slug (D:1)
  3 ball pythons
  5 endoplasms
  A goblin (D:2)
  8 hobgoblins
  2 kobolds (D:1)
  A quokka (D:1)
  3 bats
  11 frilled lizards
  4 rats (D:1)
44 creatures vanquished.

Vanquished Creatures (others)
  8 plants (D:1)
8 creatures vanquished.

Grand Total: 52 creatures vanquished

Notes
Turn   | Place    | Note
-------+----------+-------------------------------------------
     0 | D:1      | wormed the Gnoll Wanderer began the quest for the Orb.
     0 | D:1      | wormed set off with the following items: a +0 dagger, a
                  | potion of heal wounds, a +0 robe, a +0 helmet; and the
                  | following spells available to memorise: Necrotise, Kiss of
                  | Death, Vampiric Draining, Cigotuvi's Dreadful Rot, Dispel
                  | Undead.
     0 | D:1      | Reached XP level 1. HP: 17/17 MP: 8/8
   533 | D:1      | Reached XP level 2. HP: 12/23 MP: 10/10
  1073 | D:1      | Reached XP level 3. HP: 14/28 MP: 11/11
  1486 | D:2      | Noticed Terence
  1580 | D:2      | Identified the +10 flail "Tissafreaqi" {flame, *Noise rF++
                  | Stlth+}
  1609 | D:2      | Noticed an ogre
  1616 | D:2      | HP: 1/28 [ogre/+0 giant club (12)]
  1620 | D:2      | Killed an ogre
  1621 | D:2      | Reached skill level 1 in Short Blades
  1621 | D:2      | Reached skill level 1 in Long Blades
  1621 | D:2      | Reached skill level 1 in Axes
  1621 | D:2      | Reached skill level 1 in Maces & Flails
  1621 | D:2      | Reached skill level 1 in Polearms
  1621 | D:2      | Reached skill level 1 in Staves
  1621 | D:2      | Reached skill level 1 in Ranged Weapons
  1621 | D:2      | Reached skill level 1 in Throwing
  1621 | D:2      | Reached skill level 1 in Armour
  1621 | D:2      | Reached skill level 1 in Dodging
  1621 | D:2      | Reached skill level 1 in Shields
  1621 | D:2      | Reached skill level 1 in Unarmed Combat
  1621 | D:2      | Reached skill level 1 in Conjurations
  1621 | D:2      | Reached skill level 1 in Hexes
  1621 | D:2      | Reached skill level 1 in Summonings
  1621 | D:2      | Reached skill level 1 in Translocations
  1621 | D:2      | Reached skill level 1 in Transmutations
  1621 | D:2      | Reached skill level 1 in Fire Magic
  1621 | D:2      | Reached skill level 1 in Ice Magic
  1621 | D:2      | Reached skill level 1 in Air Magic
  1621 | D:2      | Reached skill level 1 in Earth Magic
  1621 | D:2      | Reached skill level 1 in Poison Magic
  1621 | D:2      | Reached skill level 1 in Evocations
  1621 | D:2      | Reached XP level 4. HP: 5/34 MP: 13/13
  1623 | D:2      | Reached XP level 5. HP: 14/40 MP: 14/14
  1721 | D:2      | Killed Terence
  2099 | D:2      | Found Locryap's Magic Scroll Boutique.
  2152 | D:2      | Found a runed translucent door.
  2153 | D:2      | Noticed Crazy Yiuf
  2195 | D:2      | HP: 1/40 [Crazy Yiuf/+2 quarterstaff of chaos (9)]
  2196 | D:2      | Killed Crazy Yiuf
  2196 | D:2      | Succumbed to Crazy Yiuf's poison

Illustrated notes

Levels and vault maps discovered:
D:1:      dpeg_arrival_circle_labyrinth_c, layout_loops_corners,
          minmay_lizard_king
D:2:      layout_rooms, serial_shops, nicolae_shop_trees, uniq_terence,
          uniq_crazy_yiuf_cottage

Skill      XL: |  1  2  3  4  5 |
---------------+----------------+-----
Stealth        | 6 |  6.2
Short Blades   | 1 |  1.6
Long Blades    | 1 |  1.6
Axes           | 1 |  1.6
Maces & Flails | 1 |  1.6
Polearms       | 1 |  1.6
Staves         | 1 |  1.6
Ranged Weapons | 1 |  1.6
Throwing       | 1 |  1.6
Armour         | 1 |  1.6
Dodging        | 1 |  1.6
Shields        | 1 |  1.6
Unarmed Combat | 1 |  1.6
Conjurations   | 1 |  1.2
Hexes          | 1 |  1.2
Summonings     | 1 |  1.2
Translocations | 1 |  1.2
Transmutations | 1 |  1.2
Fire Magic     | 1 |  1.2
Ice Magic      | 1 |  1.2
Air Magic      | 1 |  1.2
Earth Magic    | 1 |  1.2
Poison Magic   | 1 |  1.2
Invocations    | 3 |  3.1
Evocations     | 1 |  1.6
Fighting       | 3 |  3.0
Necromancy     | 4 |  4.0
Spellcasting   | |  7.3

Action                     |  1- 3 |  4- 6 || total
---------------------------+-------+-------++-------
  Melee: Dagger            |   113 |       ||   113
         Bite              |    12 |     2 ||    14
         Punch             |     1 |     1 ||     2
         Flail             |     6 |    24 ||    30
    Use: Potion            |     1 |     1 ||     2
   Stab: Sleeping          |     7 |     1 ||     8
 Armour: Robe              |    21 |       ||    21
         Leather armour    |     6 |     2 ||     8
  Dodge: Dodged            |    70 |     8 ||    78

Table legend: (Time is in decaauts)
 A = Elapsed time spent in this place.
 B = Non-inter-level travel time spent in this place.
 C = Inter-level travel time spent in this place.
 D = Time resting spent in this place.
 E = Time spent auto-exploring this place.
 F = Levels seen in this place.
 G = Mean time per level.
                   A        B        C        D        E       F      G
               +--------+--------+--------+--------+--------+-----+--------+
         Total |   2203 |   2113 |     90 |      0 |   1682 |   2 | 1101.5 |
       Dungeon |   2203 |   2113 |     90 |      0 |   1682 |   2 | 1101.5 |
               +--------+--------+--------+--------+--------+-----+--------+

Top non-repeatable levels by time:
     D:1: 1475 daAuts
     D:2: 728 daAuts
